 Dungeon Crawl Stone Soup version 0.26.1-11-gd32895ea62 (console) character file.

Game seed: 10682223140478158030

879 erker the Digger (level 8, 0/46 HPs)
             Began as an Octopode Earth Elementalist on June 11, 2021.
             Slain by a sky beast (6 damage)
             ... on level 4 of the Dungeon.
             The game lasted 00:32:04 (6715 turns).

erker the Digger (Octopode Earth Elementalist)      Turns: 6715, Time: 00:32:05

Health: 0/46       AC:  1    Str:  7    XL:     8   Next: 4%
Magic:  14/14      EV: 13    Int: 19    God:
Gold:   301        SH:  0    Dex: 13    Spells: 8/15 levels left

rFire    . . .     SeeInvis .   x - +2 short sword (flame)
rCold    . . .     Faith    .   (no shield)
rNeg     . . .     Spirit   .   (helmet restricted)
rPois    .         Reflect  .   (no amulet)
rElec    .         Harm     .   (no ring)
rCorr    .         Rampage  .   (no ring)
Will     .....                  (no ring)
Stlth    ++++......             (no ring)
HPRegen  0.15/turn              (no ring)
MPRegen  0.14/turn              (no ring)
                                (no ring)
                                (no ring)

@: no status effects
A: almost no armour, stealthy swim, amphibious, 8 rings, constrict 8, camouflage
1, gelatinous body 1
a: no special abilities


You were on level 4 of the Dungeon.
You visited 1 branch of the dungeon, and saw 5 of its levels.
You also visited: Sewer.

You collected 301 gold pieces.

Inventory:

Hand Weapons
 a - a +2 whip of electrocution
 b - a +0 dagger
 d - a +0 spear
 x - a +2 short sword of flaming (weapon)
 z - a +1 rapier of holy wrath
Missiles
 h - 78 arrows
 t - 11 poisoned darts
 w - 5 stones
Wands
 q - a wand of flame (23)
Scrolls
 c - 4 scrolls of remove curse {unknown}
 f - 6 scrolls of identify {unknown}
 i - a scroll of magic mapping {unknown}
 j - 2 scrolls of blinking {unknown}
 n - a scroll of random uselessness {unknown}
 p - 6 scrolls of teleportation {unknown}
 s - a scroll of fog {unknown}
 y - a scroll of enchant armour {unknown}
Potions
 e - 2 potions of lignification {unknown}
 g - a potion of cancellation {unknown}
 k - a potion of attraction {unknown}
 l - 4 potions of might {unknown}
 o - a potion of invisibility {unknown}
 r - 2 potions of magic {unknown}
 u - a potion of haste {unknown}
 v - 2 potions of heal wounds {unknown}


   Skills:
 - Level 3.0 Short Blades
 + Level 2.1 Dodging
 - Level 5.0 Stealth
 - Level 4.0 Spellcasting
 - Level 4.0 Transmutations
 - Level 6.0 Earth Magic


You had 8 spell levels left.
You knew the following spells:

 Your Spells              Type           Power        Failure   Level
a - Sandblast             Erth           52%          1%          1
p - Petrify               Tmut/Erth      22%          17%         4
w - Passwall              Tmut/Erth      18%          2%          2

Your spell library contained the following spells:

 Spells                   Type           Power        Failure   Level
 Stone Arrow              Conj/Erth      30%          12%         3
 Lee's Rapid Deconstruct  Erth           13%          32%         5


Dungeon Overview and Level Annotations

Branches:
Dungeon (5/15)              Sewer (visited)
 Temple: D:4-7

Altars:
Makhleb
Qazlal

Annotations:
D:3 2 exclusions
D:5 Edmund, Sigmund


Innate Abilities, Weirdness & Mutations

You cannot wear most types of armour.
You are very stealthy in the water. (Stealth+)
You are amphibious.
You can wear up to eight rings at the same time.
You can use your tentacles to constrict eight enemies at once.
Your skin changes colour to match your surroundings (Stealth+).
Your rubbery body absorbs attacks. (AC +1, EV +1)


Message History

A sky beast appears from thin air!
Reactivating autopickup.
You feel sick.
The sky beast flickers out of sight!
Deactivating autopickup; reactivate with Ctrl-A.
There is a stone staircase leading up here.
Something hits you. Something shocks you.
* * * LOW HITPOINT WARNING * * *
You climb upwards.
Reactivating autopickup.
There is a stone staircase leading down here.
Deactivating autopickup; reactivate with Ctrl-A.
You miss something. Your squeeze misses something.
You feel sick. Something hits you.
* * * LOW HITPOINT WARNING * * *
Something shocks you.
* * * LOW HITPOINT WARNING * * *
You feel better. Something hits you.
* * * LOW HITPOINT WARNING * * *
Something shocks you.
You die...

.......##.#..##..#[# #........
....##.##.#...#..#.# #..#.####
.......##........#.## #..#.####
...###.##........#..#####........
.......^.....#...#.........#.##..
######...........#..#####..#.....
# #.###.#.#...#..# #..####.#
######...........#..# #.......#
................@#..#####..####.#
.#..######.#.#.###...............
...........................####.#
.#..................##.....# #[#
...........................# #)#
##.#######.............###.# #..
##.# ##.######.#.#####.# ### ##.#
#.# #.#.##....# # ##.########.#
####.#.##.##.# #


There were no monsters in sight!

Vanquished Creatures
  Eustachio (D:4)
  Menkaure (D:4)
  A phantom (D:4)
  A bullfrog zombie (D:5)
  2 hounds (D:4)
  3 orc wizards
  4 worker ants
  A hound skeleton (D:4)
  11 adders
  4 river rats
  An adder skeleton (D:4)
  3 worms
  A dart slug (D:3)
  5 leopard geckos
  20 orcs
  A ball python (D:1)
  4 giant cockroaches (D:3)
  9 goblins
  3 hobgoblins
  13 kobolds
  A quokka (D:5)
  5 frilled lizards
  17 rats
112 creatures vanquished.

Notes
Turn   | Place    | Note
-------+----------+-------------------------------------------
     0 | D:1      | erker the Octopode Earth Elementalist began the quest for
                  | the Orb.
     0 | D:1      | Reached XP level 1. HP: 11/11 MP: 3/3
   455 | D:1      | Reached XP level 2. HP: 17/17 MP: 5/5
   884 | D:1      | Learned a level 2 spell: Passwall
  1044 | D:2      | Reached skill level 4 in Earth Magic
  1044 | D:2      | Reached XP level 3. HP: 16/21 MP: 1/6
  1803 | D:2      | Reached XP level 4. HP: 14/27 MP: 7/7
  2505 | D:3      | Found a glowing drain.
  2512 | Sewer    | Entered a sewer
  2566 | Sewer    | Reached XP level 5. HP: 5/31 MP: 5/8
  3054 | Sewer    | Learned a level 4 spell: Petrify
  4040 | D:3      | Reached skill level 1 in Short Blades
  4071 | D:3      | Reached XP level 6. HP: 31/36 MP: 9/9
  4323 | D:4      | Noticed Menkaure
  4328 | D:4      | Killed Menkaure
  4329 | D:4      | Reached skill level 5 in Earth Magic
  4336 | D:4      | Reached skill level 5 in Stealth
  4525 | D:4      | Noticed a phantom
  4533 | D:4      | Reached XP level 7. HP: 37/41 MP: 7/10
  4932 | D:4      | Noticed Eustachio
  4952 | D:4      | Killed Eustachio
  5924 | D:4      | Found a stormy altar of Qazlal.
  6174 | D:5      | Entered Level 5 of the Dungeon
  6182 | D:5      | Reached XP level 8. HP: 46/46 MP: 14/14
  6286 | D:5      | Found a burning altar of Makhleb.
  6335 | D:5      | Noticed Edmund
  6476 | D:5      | Noticed Sigmund
  6696 | D:5      | Reached skill level 6 in Earth Magic
  6714 | D:4      | HP: 1/46 [something (5)]
  6715 | D:4      | Slain by a sky beast

Illustrated notes

Levels and vault maps discovered:
D:1:      zelgadis_glass_arrival_small, layout_basic
D:2:      layout_loops_corners, serial_glass, glass_columns_a, glass_columns_b,
          minmay_pentomino_u2
D:3:      layout_basic, gup_sewer_entry_bubbles, chequers_garden,
          minmay_misc_feat_doors
D:4:      layout_basic, grunt_qazlal_clouds, uniq_eustachio, uniq_menkaure
D:5:      minmay_octagon_keep, layout_cave_pods, bloody_makhleb, uniq_edmund,
          uniq_sigmund, uniq_blork_the_orc

Skill      XL: |  1  2  3  4  5  6  7  8 |
---------------+-------------------------+-----
Earth Magic    | 4 5 6 |  6.0
Stealth        | 4 5 |  5.0
Transmutations | 3 4 |  4.0
Short Blades   | 1 3 |  3.0
Spellcasting   | 4 |  4.0
Dodging        | |  2.1

Action                   |  1- 3 |  4- 6 |  7- 9 || total
-------------------------+-------+-------+-------++-------
Melee: Whip              |    47 |    73 |       ||   120
       Constrict         |    11 |    21 |    19 ||    51
       Tentacles         |     4 |    11 |    12 ||    27
       Short sword       |       |     7 |    81 ||    88
 Cast: Sandblast         |    10 |    26 |    18 ||    54
       Passwall          |       |     2 |     8 ||    10
Evoke: Wand              |       |     1 |       ||     1
  Use: Potion            |       |     2 |     1 ||     3
 Stab: Sleeping          |     8 |     7 |     7 ||    22
Armor: Skin              |     1 |     4 |     2 ||     7
Dodge: Dodged            |    21 |    45 |    38 ||   104
